 Dungeon Crawl Stone Soup version 0.32-a0-886-g41c5271027 (webtiles) character file.

Game seed: 3327313253756774585

1412 Autsider the Frost Mage (level 8, -2/64 HPs)
             Began as a Barachi Ice Elementalist on Apr 2, 2024.
             Slain by a steam dragon (6 damage)
             ... on level 6 of the Dungeon.
             The game lasted 00:20:04 (6687 turns).

Autsider the Frost Mage (Barachi Ice Elementalist)  Turns: 6687, Time: 00:20:05

Health: -2/64      AC:  2    Str:  9    XL:     8   Next: 70%
Magic:  10/14      EV: 12    Int: 18    God:
Gold:   195        SH:  0    Dex: 13    Spells: 5/15 levels left

rFire   . . .        q - +0 spear
rCold   + . .        (no shield)
rNeg    . . .        n - +0 robe {Will+}
rPois   .            (no helmet)
rElec   .            (no cloak)
rCorr   .            (no gloves)
SInv    .            (no boots)
Will    +....        (no amulet)
Stlth   ++           k - ring of protection from cold
HPRegen 0.30/turn    (no ring)
MPRegen 0.14/turn

%: no passive effects
@: slow
A: amphibious, slowness 1, strong legs 1, +LOS
a: Hop


You were on level 6 of the Dungeon.
You visited 1 branch of the dungeon, and saw 6 of its levels.
You also visited: Ossuary.

You collected 228 gold pieces.
You spent 33 gold pieces at shops.

Inventory:

Hand Weapons
 q - a +0 spear (weapon)
Missiles
 d - 74 stones (quivered)
 s - 5 darts of dispersal
 E - 3 poisoned darts
Armour
 a - a +0 robe
 i - a +0 robe of positive energy
 l - an orb of light
 n - a +0 robe of willpower (worn)
 r - the +2 ring mail of the Worm {Int+3}
   (You found it on level 3 of the Dungeon)

   Int+3:     It affects your intelligence (+3).
 B - the +2 leather armour "Atsasigeva" {rPois Str+2 Dex+3}
   (You found it on level 5 of the Dungeon)

   Str+2:     It affects your strength (+2).
   Dex+3:     It affects your dexterity (+3).
   rPois:     It protects you from poison.
Jewellery
 k - a ring of protection from cold (left hand)
 x - a ring of poison resistance
Wands
 u - a wand of mindburst (12)
Scrolls
 e - a scroll of amnesia {unknown}
 h - 3 scrolls of poison
 j - 2 scrolls of fear {unknown}
 m - 3 scrolls of blinking
 o - a scroll of butterflies {unknown}
 t - 2 scrolls of enchant weapon {unknown}
 v - 2 scrolls of teleportation {@r2}
 y - 2 scrolls of revelation {unknown}
 D - a scroll of identify {@r1}
Potions
 b - 2 potions of attraction
 c - 5 potions of curing {@q1}
 f - a potion of lignification
 g - a potion of haste {unknown}
 p - a potion of brilliance {unknown}
 w - a potion of heal wounds {@q2}
 z - a potion of berserk rage {unknown}
 A - a potion of magic
 C - a potion of degeneration {unknown}


   Skills:
 - Level 6.0 Fighting
 + Level 3.7 Polearms
 - Level 4.0 Dodging
 - Level 1.7 Stealth
 - Level 4.0 Spellcasting
 + Level 9.4 Ice Magic


You had 5 spell levels left.
You knew the following spells:

 Your Spells              Type           Power      Damage    Failure   Level
a - Freeze                Ice            100%       1d10      1%          1
b - Frozen Ramparts       Ice            74%        1d12      1%          3
c - Ozocubu's Armour      Ice            37%        N/A       1%          3
A - Summon Ice Beast      Ice/Summ       20%        N/A       6%          3

Your spell library contained the following spells:

 Spells                   Type           Power      Damage    Failure   Level
 Anguish                  Hex/Necr       1%         N/A       82%         4
 Cause Fear               Hex            1%         N/A       82%         4
 Enfeeble                 Hex            1%         N/A       100%        7


Dungeon Overview and Level Annotations

Branches:
Dungeon (6/15)            Ossuary (visited)
 Temple: D:4-7

Altars:
Dithmenos
Elyvilon
Kikubaaqudgha
Nemelex Xobeh
Sif Muna
Trog
Vehumet
Yredelemnul
The Shining One

Shops:
D:1 !

Annotations:
D:5 2 transporters, Notanamesir's ghost, novice DENe
D:6 Prince Ribbit


Innate Abilities, Weirdness & Mutations

You are amphibious.
You cover ground slowly.
You can hop short distances.
You have an extended range of vision and can be seen from far away.


Message History

Found a stone staircase leading up and a stone staircase leading down.
The steam dragon bites your ice beast but does no damage.
The steam dragon claws your ice beast.
Your ice beast is engulfed in a cloud of scalding steam.
Your ice beast closely misses the steam dragon.
Casting: Summon Ice Beast (dangerous; 6% risk of failure)
Confirm with . or Enter, or press ? or * to list all spells.
Aiming: Freeze (safe; 1% risk of failure)
Press: ? - help, Shift-Dir - straight line, f - steam dragon
Aim: a steam dragon (steam, ally target)
You freeze the steam dragon.
The steam dragon is lightly wounded.
Your ice beast hits the steam dragon but does no damage.
The steam dragon breathes steam at you. The ball of steam hits you!
* * * LOW HITPOINT WARNING * * *
You hear a shout!
The steam dragon barely misses you. x2; Your ice beast hits the steam dragon.
Your ice beast freezes the steam dragon!
Casting: Freeze (safe; 1% risk of failure)
Confirm with . or Enter, or press ? or * to list all spells.
Aiming: Freeze (safe; 1% risk of failure)
Press: ? - help, Shift-Dir - straight line, f/p - steam dragon
Aim: a steam dragon (heavily wounded, ally target)
You freeze the steam dragon!
The steam dragon is severely wounded.
You are engulfed in a cloud of scalding steam.
* * * LOW HITPOINT WARNING * * *
The steam dragon misses you. The steam dragon barely misses you.
Your ice beast closely misses the steam dragon.
Prince Ribbit comes into view.
The steam dragon breathes steam at you. The ball of steam hits you!
* * * LOW HITPOINT WARNING * * *
Your ice beast hits the steam dragon.
Your ice beast freezes the steam dragon.
You hear a shout!
Your ice beast barely misses the steam dragon.
The steam dragon bites you.
You die...

.# # #####.#
# #.
#.....##..
#.##........
#..§.§...#
#......#
#####§.....#
#..§§§D..<##
#####@Y...#
#........#
#.........#
#........##
..........#
####...F...#
........#
.........#
.....<.>..


You could see Prince Ribbit, a steam dragon (catching breath, ally target) and a
friendly ice beast (summoned).

Vanquished Creatures
  4 scorpions
  A nameless horror (Ossuary)
  A crimson imp (D:4)
  2 human zombies (Ossuary)
  A hound (D:4)
  A sleepcap (D:4)
  3 iguanas
  2 orc wizards
  2 mummies
  3 gnolls (D:2)
  5 adders
  2 ufetubi (D:5)
  An adder zombie (Ossuary)
  2 dart slugs
  3 ribbon worms
  5 orcs
  3 ball pythons
  10 endoplasms
  4 giant cockroaches
  10 goblins
  6 hobgoblins
  9 jackals
  4 quokkas
  3 ball python zombies (Ossuary)
  6 bats
  3 frilled lizards (D:3)
  A gnoll zombie (Ossuary)
  A goblin skeleton (D:4)
  A goblin zombie (D:4)
  2 hobgoblin zombies (D:4)
  A jackal zombie (Ossuary)
  6 kobolds
  2 kobold zombies (D:4)
  An orc skeleton (D:4)
  4 orc zombies
  12 rats
127 creatures vanquished.

Vanquished Creatures (collateral kills)
  An ice beast (D:5)
  5 scorpions
  A centaur zombie (Ossuary)
  A human zombie (Ossuary)
  3 iguanas (D:5)
  4 scorpion zombies (Ossuary)
  2 mummies (Ossuary)
  An orc (D:5)
  4 gnoll zombies (Ossuary)
  A jackal zombie (Ossuary)
  An orc zombie (Ossuary)
24 creatures vanquished.

Grand Total: 151 creatures vanquished

Notes
Turn   | Place    | Note
-------+----------+-------------------------------------------
     0 | D:1      | Autsider the Barachi Ice Elementalist began the quest for
                  | the Orb.
     0 | D:1      | Reached XP level 1. HP: 13/13 MP: 3/3
   259 | D:1      | Reached skill level 5 in Ice Magic
   357 | D:1      | Reached XP level 2. HP: 20/20 MP: 3/5
   385 | D:1      | Reached skill level 1 in Fighting
   806 | D:1      | Found Dopsain's Distillery.
   812 | D:1      | Bought a potion of curing for 33 gold pieces
   919 | D:2      | You fall into a shaft and drop 1 floor!
   946 | D:3      | Reached XP level 3. HP: 26/26 MP: 2/6
   950 | D:3      | Learned a level 3 spell: Frozen Ramparts
  1433 | D:3      | Found a faded altar of an unknown god.
  1515 | D:2      | Found a sparkling altar of Nemelex Xobeh.
  1534 | D:2      | Reached skill level 6 in Ice Magic
  1600 | D:2      | Reached XP level 4. HP: 19/34 MP: 0/7
  2346 | D:2      | Reached XP level 5. HP: 39/41 MP: 3/8
  2352 | D:2      | Learned a level 3 spell: Ozocubu's Armour
  2775 | D:2      | Reached skill level 7 in Ice Magic
  2974 | D:3      | Identified the +2 ring mail of the Worm {Int+3}
  3212 | D:3      | Found an ancient bone altar of Kikubaaqudgha.
  3212 | D:3      | Found a bloodstained altar of Trog.
  3451 | D:4      | Noticed a phantom
  3697 | D:4      | Reached XP level 6. HP: 35/48 MP: 2/9
  3904 | D:4      | Found a glowing golden altar of the Shining One.
  3915 | D:4      | Reached skill level 8 in Ice Magic
  4551 | D:4      | Learned a level 3 spell: Summon Ice Beast
  4651 | D:5      | Entered Level 5 of the Dungeon
  4672 | D:5      | Found a sand-covered staircase.
  4681 | D:5      | Reached XP level 7. HP: 45/54 MP: 7/11
  4685 | Ossuary  | Entered an ossuary
  5210 | Ossuary  | Reached skill level 1 in Polearms
  5387 | Ossuary  | Reached XP level 8. HP: 52/61 MP: 5/14
  5497 | Ossuary  | Reached skill level 5 in Fighting
  5942 | D:5      | Reached skill level 9 in Ice Magic
  5982 | D:5      | Identified the +2 leather armour "Atsasigeva" {rPois Str+2
                  | Dex+3}
  6319 | D:5      | Found a transporter.
  6320 | D:5      | Found a transporter.
  6321 | D:5      | Noticed Notanamesir's ghost (novice DENe)
  6322 | D:5      | Noticed a hornet
  6469 | D:5      | Found a white marble altar of Elyvilon.
  6520 | D:5      | Found a basalt altar of Yredelemnul.
  6571 | D:5      | Found a shadowy altar of Dithmenos.
  6571 | D:5      | Found a shimmering blue altar of Sif Muna.
  6571 | D:5      | Found a radiant altar of Vehumet.
  6686 | D:6      | Noticed Prince Ribbit
  6687 | D:6      | Slain by a steam dragon

Illustrated notes

Levels and vault maps discovered:
D:1:      dpeg_arrival_circle_labyrinth_c, layout_basic, serial_shops,
          nicolae_shop_rolling_square
D:2:      cheibrodos_old_hovel, layout_basic, basic_altar,
          minmay_rat_gold_closets
D:3:      layout_loops_ring, gammafunk_temple_overflow_wave,
          hellmonk_ecumenical_altar_crossroads
D:4:      layout_cave_pools, nicolae_tso_besieged_by_evil,
          serial_library_hellmonk_narrow_alcove, amethyst_killhole
D:5:      layout_cave_pools, kennysheep_ying_yang,
          gammafunk_temple_overflow_claw, gup_ossuary_entry_pyramid,
          gammafunk_ghost_hive
D:6:      layout_basic, nicolae_hepliaklqana_hippocampus,
          minmay_temple_entry_poolview, chequers_serial_rivers_large_a,
          kennysheep_boxes, uniq_prince_ribbit1, uniq_sigmund, uniq_pikel

Skill      XL: |  1  2  3  4  5  6  7  8 |
---------------+-------------------------+-----
Ice Magic      | 5 6 7 8 9 |  9.4
Fighting       | 1 2 3 4 6 |  6.0
Dodging        | 3 4 |  4.0
Spellcasting   | 3 4 |  4.0
Polearms       | 1 3 |  3.7
Stealth        | |  1.7

Action                     |  1- 3 |  4- 6 |  7- 9 || total
---------------------------+-------+-------+-------++-------
  Melee: Unarmed           |     5 |       |       ||     5
         Club              |    12 |     5 |       ||    17
         Spear             |       |   128 |   202 ||   330
  Throw: Stone             |       |     2 |       ||     2
   Cast: Freeze            |    55 |    62 |    17 ||   134
         Frozen Ramparts   |     2 |    17 |    13 ||    32
         Ozocubu's Armour  |       |     2 |     1 ||     3
         Summon Ice Beast  |       |       |    23 ||    23
    Use: Potion            |     1 |     2 |     1 ||     4
         Scroll            |       |     4 |     3 ||     7
   Stab: Sleeping          |       |     3 |       ||     3
         Distracted        |       |       |     3 ||     3
 Armour: Robe              |    34 |    98 |    90 ||   222
  Dodge: Dodged            |    35 |    78 |    96 ||   209

Table legend: (Time is in decaauts)
 A = Elapsed time spent in this place.
 B = Non-inter-level travel time spent in this place.
 C = Inter-level travel time spent in this place.
 D = Time resting spent in this place.
 E = Time spent auto-exploring this place.
 F = Levels seen in this place.
 G = Mean time per level.
                   A        B        C        D        E       F      G
               +--------+--------+--------+--------+--------+-----+--------+
         Total |   7333 |   7052 |    281 |    305 |   5213 |   7 | 1047.6 |
       Dungeon |   6148 |   5867 |    281 |    271 |   4452 |   6 | 1024.7 |
       Ossuary |   1185 |   1185 |      0 |     34 |    761 |   1 | 1185.0 |
               +--------+--------+--------+--------+--------+-----+--------+

Top non-repeatable levels by time:
     D:2: 1515 daAuts
     D:4: 1359 daAuts
     D:3: 1234 daAuts
 Ossuary: 1185 daAuts
     D:1: 1032 daAuts
     D:5: 997 daAuts
     D:6: 8 daAuts
